 Dungeon Crawl Stone Soup version 0.29.0-4-gdea44cf6ec (webtiles) character file.

Game seed: 10847963469531098138

68 qw the Chopper (level 4, 0/28 HPs)
             Began as a Gargoyle Fighter on Sept 6, 2022.
             Killed by divine providence
             ... invoked by an orc priest
              (12 damage)
             ... on level 2 of the Dungeon.
             The game lasted 00:00:26 (960 turns).

qw the Chopper (Gargoyle Fighter)                    Turns: 960, Time: 00:00:27

Health: 0/28       AC: 10    Str: 21    XL:     4   Next: 19%
Magic:  4/4        EV:  9    Int:  9    God:
Gold:   78         SH:  4    Dex:  9    Spells: 3/3 levels left

rFire   . . .      SeeInvis .   Y - +0 war axe
rCold   . . .      Faith    .   c - +0 buckler
rNeg    + . .      Spirit   .   b - +0 scale mail
rPois   inf        Reflect  .   (no helmet)
rElec   +          Harm     .   (no cloak)
rCorr   .          Rampage  .   (no gloves)
Will    .....                   (no boots)
Stlth   ..........              (no amulet)
HPRegen 0.09/turn               (no ring)
MPRegen 0.09/turn               (no ring)

@: no status effects
A: sickness immunity, AC +3, negative energy resistance 1, electricity
resistance, torment resistance 1, petrification resistance
a: no special abilities


You were on level 2 of the Dungeon.
You visited 1 branch of the dungeon, and saw 2 of its levels.

You collected 78 gold pieces.


Innate Abilities, Weirdness & Mutations

You are immune to sickness and miasma.
Your stone body is resilient. (AC +3)
You are immune to poison.
You resist negative energy. (rN+)
You are resistant to electric shocks. (rElec)
You are resistant to unholy torment.
You are immune to petrification.


   Skills:
 - Level 3.2 Fighting
 + Level 3.9 Axes
 - Level 3.2 Armour
 - Level 3.2 Shields


You had 3 spell levels left.
You didn't know any spells.
Your spell library was empty.

Inventory:

Hand Weapons
 j - a +0 whip
 Y - a +0 war axe (weapon)
Armour
 b - a +0 scale mail (worn)
 c - a +0 buckler (worn)
Jewellery
 a - a ring of ice
Potions
 d - a potion of might
 e - a potion of curing {unknown}
 f - a potion of cancellation {unknown}
 h - a potion of ambrosia {unknown}
 i - a potion of berserk rage {unknown}

Dungeon Overview and Level Annotations

Branches:
Dungeon (2/15)

Altars:


Message History

You barely miss the adder. The adder barely misses you.
A ball python comes into view.
The orc priest closely misses you. The adder barely misses you.
You barely miss the orc priest.
The orc priest is lightly wounded.
You closely miss the adder.
An orc comes into view. It is wielding a +0 club.
The orc priest barely misses you. You block the adder's attack.
The orc priest calls upon Beogh to heal the orc priest.
The orc priest's wounds heal themselves!
The adder bites you but does no damage.
You hear a shout!
You barely miss the adder. You closely miss the orc.
The orc shouts!
The adder bites you. The orc hits you but does no damage.
The adder barely misses you.
You slash the orc priest!
You kill the orc priest!
You closely miss the orc. You hit the adder.
An orc comes into view. It is wielding a +0 short sword.
You block the orc's attack. The adder barely misses you.
The orc hits you with a +0 hand axe. The orc priest hits you with a +0 whip.
You have reached level 4!
You feel clever.
You slash the adder!
You kill the adder!
You barely miss the orc. You hit the orc priest.
You block the orc priest's attack. You block the orc's attack.
You completely miss the orc priest.
The orc priest is moderately wounded.
You barely miss the orc. You closely miss the orc.
The orc hits you but does no damage. The orc priest closely misses you.
You block the orc's attack.
You slash the orc priest!
The orc priest is almost dead.
You barely miss the orc. You closely miss the orc. The orc closely misses you.
The orc priest mumbles some strange prayers to Beogh against you.
Beogh smites you!
You die...

.. #....####
.## #.#.##
..##.#.#
#.#..#.#
#.#.##.#
#...##.# #
#..## .#
#..###..## .#
#......@##.#
#....Sooo..#
#......w####
........o..
.#.....?.....
..............<
.#...........oo
#.............
##....##...ow.


You could see an orc priest, a dart slug, 3 orcs and a ball python.

Vanquished Creatures
  An orc priest (D:2)
  2 adders (D:2)
  3 ball pythons
  An endoplasm (D:1)
  A giant cockroach (D:1)
  2 goblins (D:1)
  2 hobgoblins (D:1)
  2 kobolds (D:1)
  2 quokkas (D:1)
  2 bats
  3 frilled lizards (D:1)
  3 rats (D:1)
24 creatures vanquished.

Notes
Turn   | Place    | Note
-------+----------+-------------------------------------------
     0 | D:1      | qw the Gargoyle Fighter began the quest for the Orb.
     0 | D:1      | Reached XP level 1. HP: 14/14 MP: 1/1
     0 | D:1      | 0 ||| qw: Version: 0.1-a-107-g9ff403c
     0 | D:1      | 0 ||| qw: Game counter: 6144
     0 | D:1      | 0 ||| qw: Always use a shield: true
     0 | D:1      | 0 ||| qw: God list: Okawaru
     0 | D:1      | 0 ||| qw: Allow faded altars: false
     0 | D:1      | 0 ||| qw: Do Orc after D:15 true
     0 | D:1      | 0 ||| qw: Do second Lair branch before Depths: true
     0 | D:1      | 0 ||| qw: Lair rune preference: random
     0 | D:1      | 0 ||| qw: Plans: Normal, Zot, God:TSO, Crypt, Tomb, Zig,
                  | Orb
     0 | D:1      | 0 ||| PLANNING D:1-11
    97 | D:1      | Found a faded altar of an unknown god.
   220 | D:1      | Reached XP level 2. HP: 19/19 MP: 2/2
   244 | D:1      | 244 ||| Stepping ~*~*~tactically~*~*~ (stealth).
   458 | D:1      | 458 ||| DROPPING +0 club.
   766 | D:1      | 766 ||| READING scroll labelled VUGONE REGI.
   767 | D:1      | 767 ||| READING scroll labelled VAYFUU SOM VOES.
   768 | D:1      | 768 ||| READING scroll labelled TITEOD TUECK.
   816 | D:2      | 816 ||| STAIRDANCE
   860 | D:2      | Reached skill level 3 in Axes
   948 | D:2      | Reached XP level 3. HP: 23/23 MP: 3/3
   949 | D:2      | 949 ||| Stepping ~*~*~tactically~*~*~ (hiding).
   958 | D:2      | Reached XP level 4. HP: 12/28 MP: 4/4
   960 | D:2      | Killed from afar by an orc priest

Levels and vault maps discovered:
D:1:      psy_arrival_fountain, layout_basic, hellmonk_ecumenical_altar_run_dry
D:2:      layout_rooms, uniq_terence

Skill      XL: |  1  2 |
---------------+-------+-----
Axes           | 2 3 |  3.9
Fighting       | |  3.2
Armour         | |  3.2
Shields        | |  3.2

Action                   |  1- 3 |  4- 6 || total
-------------------------+-------+-------++-------
Melee: War axe           |    58 |     3 ||    61
  Use: Scroll            |     3 |       ||     3
Armor: Scale mail        |    28 |     1 ||    29
Dodge: Dodged            |    25 |     2 ||    27
Block: Buckler           |    11 |     3 ||    14

Table legend:
 A = Non-vault XP
 B = Vault XP
 C = Vault XP percentage of total XP
 D = Non-vault monster count
 E = Vault monster count
 F = Vault count percentage of total count
                 A         B        C        D         E       F
            +---------+---------+-------+---------+---------+-------
      Total |      98 |       0 |   0.0 |      24 |       0 |   0.0
            +---------+---------+-------+---------+---------+-------
        D:1 |      28 |       0 |   0.0 |      18 |       0 |   0.0
        D:2 |      70 |       0 |   0.0 |       6 |       0 |   0.0
            +---------+---------+-------+---------+---------+-------
